[Event "Titled Tuesday Blitz December 27 Late 2022"]
[White "Guevara Sanchez, Erick Marvin"]
[Black "Quinones Garcia, Santiago"]
[WhiteFideId "6700136"]
[BlackFideId "4408497"]
[WhiteElo "2073"]
[BlackElo "2248"]
[Result "1-0"]
[Round "02"]
[TimeControl "180+2"]
[Date "2022.12.27"]
[WhiteClock "0:00:30"]
[BlackClock "0:00:02"]

1. e4 e5 2. Nf3 Nc6 3. Bc4 Nf6 4. d3 Be7 5. c3 O-O 6. O-O d5 7. exd5 Nxd5 8. Bb3 Be6 9. Re1 Bf6 10. Bc2 g6 11. Nbd2 Bg7 12. Ne4 Qe7 13. Bg5 f6 14. Bd2 Rad8 15. h3 h6 16. Ng3 f5 17. Qe2 Rfe8 18. Rad1 Nf4 19. Bxf4 exf4 20. Nf1 Qf7 21. Qd2 Bxa2 22. d4 Bd5 23. N1h2 Be4 24. Bd3 Qd5 25. c4 Qf7 26. d5 Ne5 27. Nxe5 Bxe5 28. Bxe4 fxe4 29. Rxe4 Bd6 30. Rde1 h5 31. Qe2 Rxe4 32. Qxe4 Rf8 33. Nf3 Qf5 34. Qe6+ Qxe6 35. Rxe6 Kg7 36. Ng5 Rf5 37. Ne4 Re5 38. Rxe5 Bxe5 39. b4 Kf7 40. Kf1 Bd6 41. c5 Be7 42. Ke2 b6 43. Kd3 bxc5 44. bxc5 Ke8 45. Kc4 a6 46. Kb4 Bd8 47. c6 Bf6 48. Nxf6+ Kf7 49. Ne4 1-0


[Site "https://www.chess.com"]

[Event "Titled Tuesday Blitz December 27 Late 2022"]
[White "Gurevich, Dmitry"]
[Black "Movahed, Sina"]
[WhiteFideId "2000407"]
[BlackFideId "42520835"]
[WhiteElo "2393"]
[BlackElo "2340"]
[Result "0-1"]
[Round "02"]
[TimeControl "180+2"]
[Date "2022.12.27"]
[WhiteClock "0:00:16"]
[BlackClock "0:01:27"]

1. d4 Nf6 2. c4 g6 3. Nc3 Bg7 4. e4 d6 5. Nf3 O-O 6. Be2 e5 7. O-O exd4 8. Nxd4 Re8 9. f3 c6 10. Kh1 Nbd7 11. Bg5 Qb6 12. Nb3 a5 13. Qd2 a4 14. Nc1 a3 15. b3 d5 16. Be3 Qa5 17. cxd5 Nxd5 18. Nxd5 cxd5 19. Qxa5 Rxa5 20. Rb1 dxe4 21. fxe4 Rxe4 22. Bd2 Rc5 23. Bf3 Re8 24. Bb4 Rc2 25. Bxa3 Ne5 26. Be4 Rd2 27. Bb2 Ng4 28. Bxg7 Rxe4 29. Bc3 Rc2 30. Ba5 b6 31. Be1 Bb7 32. Nd3 Ree2 33. Nf4 Rxg2 34. Nxg2 Rxg2 0-1


[Site "https://www.chess.com"]

[Event "Titled Tuesday Blitz December 27 Late 2022"]
[White "Harish, Neeraj"]
[Black "Zakarian, David"]
[WhiteFideId "30958130"]
[BlackFideId "13301276"]
[WhiteElo "2232"]
[BlackElo "2306"]
[Result "1-0"]
[Round "02"]
[TimeControl "180+2"]
[Date "2022.12.27"]
[WhiteClock "0:00:13"]
[BlackClock "0:01:02"]

1. e4 c5 2. Nf3 e6 3. d4 cxd4 4. Nxd4 a6 5. Bd3 Qc7 6. O-O Nf6 7. Qe2 d6 8. c4 Nbd7 9. Nc3 b6 10. f4 Bb7 11. Nf3 Be7 12. Bd2 O-O 13. Rae1 Nc5 14. Bc2 Rfe8 15. e5 dxe5 16. fxe5 Nfd7 17. Ng5 Nf8 18. Nxf7 Qc6 19. Bg5 Bxg5 20. Nxg5 Rad8 21. Nce4 Nxe4 22. Bxe4 Qc5+ 23. Kh1 Bxe4 24. Nxe4 Qc7 25. Qg4 Ng6 26. h4 Kh8 27. Ng5 Nxe5 28. Rxe5 Qxe5 29. Nf7+ Kg8 30. Nxe5 h6 31. Qg6 Rf8 32. Rf7 1-0


[Site "https://www.chess.com"]

[Event "Titled Tuesday Blitz December 27 Late 2022"]
[White "Herman, Daniel"]
[Black "reevecanada"]
[WhiteFideId "30935008"]
[WhiteElo "1956"]
[BlackElo "2430"]
[Result "1-0"]
[Round "02"]
[TimeControl "180+2"]
[Date "2022.12.27"]
[WhiteClock "0:00:20"]
[BlackClock "0:00:10"]

1. b3 c5 2. Bb2 Nc6 3. e3 Nf6 4. Bb5 e6 5. Bxc6 bxc6 6. f4 Be7 7. Nf3 Ba6 8. d3 Rb8 9. Nbd2 d5 10. Qe2 c4 11. dxc4 dxc4 12. Nxc4 Rb4 13. Nfe5 Qc8 14. Bc3 Rb8 15. O-O O-O 16. Qf3 Nd5 17. Bd4 Bf6 18. Rfe1 c5 19. Bb2 Nb4 20. Qf2 Bxc4 21. Nxc4 Bxb2 22. Nxb2 Rd8 23. a3 Nc6 24. Rad1 Rd5 25. e4 Rd4 26. Nc4 Qa6 27. e5 Rbd8 28. Qf3 h6 29. a4 Ne7 30. Nd6 Qa5 31. Rf1 Nf5 32. c3 Rxd1 33. Rxd1 Qb6 34. Nxf5 Rxd1+ 35. Qxd1 exf5 36. h3 c4+ 37. Kh2 cxb3 38. Qb1 g6 39. c4 a5 40. c5 Qb4 41. c6 Qxf4+ 42. Kh1 Qxe5 43. Qxb3 Qe1+ 44. Kh2 Qe5+ 45. Kh1 Qc5 46. Qb7 Qc1+ 47. Kh2 Qf4+ 48. Kg1 Qe3+ 49. Kf1 Qd3+ 50. Ke1 Qe3+ 51. Kd1 Qd3+ 52. Kc1 Qc3+ 53. Kb1 Qd3+ 54. Ka1 Qd1+ 55. Ka2 Qxa4+ 56. Kb2 Qd4+ 57. Kb3 Qd5+ 58. Ka4 Kg7 59. Qd7 Qc5 60. Kb3 Qb4+ 61. Kc2 Qc4+ 62. Kd2 Qa2+ 63. Kd3 Qb1+ 64. Kd4 Qd1+ 65. Kc5 Qg1+ 66. Kd6 Qd4+ 67. Ke7 Qf6+ 68. Ke8 Qe5+ 69. Kd8 Qb8+ 70. Ke7 Qe5+ 71. Kd8 Kf8 72. Kc8 Qe8+ 73. Kb7 Qe4 74. Kb8 Qb4+ 75. Qb7 a4 76. Qxb4+ Kg7 77. c7 Kg8 78. c8=Q+ Kg7 79. Qcf8+ Kh7 80. Qxf7+ Kh8 81. Qbf8# 1-0


[Site "https://www.chess.com"]

[Event "Titled Tuesday Blitz December 27 Late 2022"]
[White "Hernandez Bonilla, Amelia"]
[Black "Sadilek, Peter"]
[WhiteFideId "3900193"]
[BlackFideId "1616439"]
[WhiteElo "1960"]
[BlackElo "2314"]
[Result "0-1"]
[Round "02"]
[TimeControl "180+2"]
[Date "2022.12.27"]
[WhiteClock "0:00:14"]
[BlackClock "0:00:18"]

1. d4 e6 2. Nf3 c5 3. e3 Nf6 4. Bd3 b6 5. Nbd2 Bb7 6. O-O d5 7. c3 Nc6 8. Qe2 Bd6 9. dxc5 bxc5 10. e4 Bc7 11. Re1 O-O 12. exd5 exd5 13. Nf1 Qd6 14. Bg5 Rfe8 15. Qc2 h6 16. Bh4 Nh5 17. Ne3 Nf4 18. Bf1 Ng6 19. Bg3 Nce5 20. Nxe5 Nxe5 21. Ng4 f6 22. Rad1 Qc6 23. Ne3 Rad8 24. Qb3 c4 25. Qc2 Bb6 26. Nf5 Qc5 27. Kh1 Nf7 28. Nd4 Qc8 29. Qg6 Bxd4 30. cxd4 Rxe1 31. Rxe1 Re8 32. Rc1 Qe6 33. b3 Rd8 34. bxc4 dxc4 35. Bxc4 Bd5 36. Bd3 Ng5 37. Rc7 Qe1+ 0-1


[Site "https://www.chess.com"]

[Event "Titled Tuesday Blitz December 27 Late 2022"]
[White "Hernandez Jimenez, Alexander Andres"]
[Black "Moreno Perez, Tobias Sebastian"]
[WhiteFideId "3900452"]
[BlackFideId "186716"]
[WhiteElo "2134"]
[BlackElo "2256"]
[Result "0-1"]
[Round "02"]
[TimeControl "180+2"]
[Date "2022.12.27"]
[WhiteClock "0:00:03"]
[BlackClock "0:00:30"]

1. e4 Nc6 2. Nf3 d6 3. d4 Nf6 4. Nc3 g6 5. g3 Bg7 6. Bg2 O-O 7. O-O e5 8. d5 Ne7 9. h3 Ne8 10. g4 f5 11. exf5 gxf5 12. Ng5 fxg4 13. hxg4 Ng6 14. Ne6 Bxe6 15. dxe6 Nf4 16. Bxf4 Rxf4 17. e7 Qc8 18. Qd5+ Kh8 19. Qxb7 Qxb7 20. Bxb7 Rb8 21. Bc6 Rxg4+ 22. Kh2 Nf6 23. Nd5 Nxd5 24. e8=Q+ Rxe8 25. Bxe8 e4 26. Rg1 Be5+ 27. Kh3 Rf4 28. Bc6 Rf3+ 29. Kg2 Nf4+ 30. Kf1 Bd4 31. Rg4 Rxf2+ 32. Ke1 Ng2+ 33. Kd1 Ne3+ 34. Ke1 Nxg4 35. Bxe4 Nh2 36. Rd1 Rf1+ 37. Kd2 Rxd1+ 38. Kxd1 Bxb2 0-1


[Site "https://www.chess.com"]

[Event "Titled Tuesday Blitz December 27 Late 2022"]
[White "Hnydiuk, Aleksander"]
[Black "Vakhlamov, Igor L."]
[WhiteFideId "1109057"]
[BlackFideId "24126748"]
[WhiteElo "2363"]
[BlackElo "2413"]
[Result "0-1"]
[Round "02"]
[TimeControl "180+2"]
[Date "2022.12.27"]
[WhiteClock "0:00:15"]
[BlackClock "0:01:04"]

1. e4 c5 2. Nf3 g6 3. d4 cxd4 4. Nxd4 Nc6 5. Nc3 Bg7 6. Be3 Nf6 7. Bc4 O-O 8. Bb3 a5 9. O-O Nxd4 10. Bxd4 d6 11. Qd3 Bd7 12. a4 Bc6 13. f4 Nd7 14. Bxg7 Kxg7 15. Kh1 Nc5 16. Qd4+ f6 17. Bd5 Qb6 18. e5 dxe5 19. fxe5 Qb4 20. exf6+ exf6 21. Rad1 Rad8 22. Qf2 Nxa4 23. Rd4 Qxb2 24. Bxc6 Rxd4 25. Qxd4 bxc6 26. Qxa4 Qxc3 27. h3 Re8 0-1


[Site "https://www.chess.com"]

[Event "Titled Tuesday Blitz December 27 Late 2022"]
[White "Hoffmann, Asa"]
[Black "Yang, Kevin"]
[WhiteFideId "2001470"]
[BlackFideId "30908485"]
[WhiteElo "2185"]
[BlackElo "2096"]
[Result "0-1"]
[Round "02"]
[TimeControl "180+2"]
[Date "2022.12.27"]
[WhiteClock "0:00:20"]
[BlackClock "0:00:11"]

1. d4 Nf6 2. Bg5 d5 3. Nd2 Nbd7 4. f4 h6 5. Bh4 c5 6. e3 Qa5 7. c3 e6 8. Ngf3 a6 9. Bd3 b5 10. O-O Qc7 11. Ne5 Bb7 12. Qf3 Bd6 13. Qh3 Rg8 14. Ndf3 Ne4 15. Bxe4 dxe4 16. Nd2 Nf8 17. f5 f6 18. fxe6 fxe5 19. Rf7 Qc6 20. dxe5 g5 21. Bg3 Be7 22. Qh5 Ng6 23. Raf1 O-O-O 24. Qxh6 Rxd2 25. Qh7 Qe8 26. Rxe7 Nxe7 27. Rf7 Rd1+ 28. Kf2 Qd8 29. Qxg8 Nxg8 30. Rd7 Rxd7 31. exd7+ Qxd7 32. e6 Qd2+ 33. Kf1 Bd5 34. b3 Qxe3 35. Bf2 Qd3+ 36. Ke1 Qxc3+ 37. Ke2 Bxe6 0-1


[Site "https://www.chess.com"]

[Event "Titled Tuesday Blitz December 27 Late 2022"]
[White "Holt, Conrad"]
[Black "Ballester Llagaria, Luis Eduardo"]
[WhiteFideId "2034387"]
[BlackFideId "2297620"]
[WhiteElo "2540"]
[BlackElo "2298"]
[Result "1-0"]
[Round "02"]
[TimeControl "180+2"]
[Date "2022.12.27"]
[WhiteClock "0:01:37"]
[BlackClock "0:00:49"]

1. d4 d5 2. c4 dxc4 3. e3 Nf6 4. Bxc4 e6 5. Nf3 a6 6. O-O b5 7. Be2 Bb7 8. a4 b4 9. Ne5 c5 10. Bf3 Bxf3 11. Qxf3 Qd5 12. Nd2 Qxf3 13. Ndxf3 Nbd7 14. Rd1 Be7 15. Nc4 O-O 16. Bd2 Rac8 17. Rac1 Ne4 18. Be1 cxd4 19. Nxd4 Ndc5 20. Bxb4 Rb8 21. Nc6 Rxb4 22. Nxb4 Nb3 23. Nc6 Bf6 24. Rc2 Rc8 25. Nb6 Rc7 26. Ne7+ 1-0


[Site "https://www.chess.com"]

[Event "Titled Tuesday Blitz December 27 Late 2022"]
[White "Huber, Benedikt"]
[Black "Kuzmicz, Krystian"]
[WhiteFideId "12923583"]
[BlackFideId "1119125"]
[WhiteElo "2272"]
[BlackElo "2466"]
[Result "1-0"]
[Round "02"]
[TimeControl "180+2"]
[Date "2022.12.27"]
[WhiteClock "0:00:24"]
[BlackClock "0:00:28"]

1. d4 g6 2. e4 Bg7 3. Nf3 c6 4. h3 d5 5. e5 f6 6. Bf4 Nh6 7. Bd3 Nf7 8. O-O O-O 9. Re1 fxe5 10. Nxe5 Nxe5 11. Bxe5 Bxe5 12. Rxe5 Nd7 13. Re1 e5 14. dxe5 Qb6 15. Nd2 Qxf2+ 16. Kh1 Nc5 17. Rf1 Qg3 18. Rxf8+ Kxf8 19. Nf3 Nxd3 20. Qxd3 Bf5 21. Qe3 Re8 22. Rf1 Kg8 23. Qxa7 Be4 24. Qxb7 Rf8 25. Qb6 Rxf3 26. Rxf3 Bxf3 27. Qd8+ Kg7 28. Qf6+ Kh6 29. Qf8+ Kg5 30. Qxf3 Qe1+ 31. Kh2 Qd2 32. Qf6+ Kh6 33. e6 Qxc2 34. e7 Qc5 35. Qf8+ Kh5 36. e8=Q Qc4 37. Qe5+ 1-0


[Site "https://www.chess.com"]

[Event "Titled Tuesday Blitz December 27 Late 2022"]
[White "Ibadov, Dashgyn"]
[Black "Clawitter, Craig"]
[WhiteFideId "24107514"]
[BlackFideId "2023105"]
[WhiteElo "2391"]
[BlackElo "2050"]
[Result "1-0"]
[Round "02"]
[TimeControl "180+2"]
[Date "2022.12.27"]
[WhiteClock "0:00:19"]
[BlackClock "0:00:09"]

1. e4 e6 2. d4 d5 3. Nc3 Bb4 4. e5 c5 5. a3 Bxc3+ 6. bxc3 Ne7 7. h4 Nbc6 8. h5 Qa5 9. Bd2 Bd7 10. h6 gxh6 11. Nf3 O-O-O 12. Rxh6 Ng8 13. Rh4 f6 14. c4 Qc7 15. cxd5 exd5 16. Bb5 Nxe5 17. Bxd7+ Nxd7 18. dxc5 Nxc5 19. Kf1 Ne7 20. Bf4 Qd7 21. Nd4 Ng6 22. Rg4 Ne5 23. Rg3 Ne4 24. Rb3 Rhg8 25. Rab1 b6 26. Qe2 Kb7 27. a4 Qxa4 28. Rb4 Qa6 29. Nb5 Nc4 30. Rxc4 dxc4 31. Qxe4+ Kc8 32. Qc6# 1-0


[Site "https://www.chess.com"]

[Event "Titled Tuesday Blitz December 27 Late 2022"]
[White "Jenkins, Drake"]
[Black "Jaracz, Pawel"]
[WhiteFideId "2022397"]
[BlackFideId "1102222"]
[WhiteElo "2130"]
[BlackElo "2467"]
[Result "0-1"]
[Round "02"]
[TimeControl "180+2"]
[Date "2022.12.27"]
[WhiteClock "0:00:08"]
[BlackClock "0:00:49"]

1. Nf3 b5 2. g3 Bb7 3. Bg2 e6 4. O-O Nf6 5. d3 d5 6. a3 Be7 7. c4 a6 8. Nbd2 O-O 9. b4 Nbd7 10. Bb2 Nb6 11. Rc1 Na4 12. Ba1 a5 13. c5 axb4 14. axb4 c6 15. Nb3 Nd7 16. e4 Qc7 17. Qd2 dxe4 18. dxe4 e5 19. Rfd1 Rad8 20. Qe3 Bc8 21. h3 Rfe8 22. Kh2 f6 23. Rd3 Nf8 24. Rcd1 Rxd3 25. Rxd3 Be6 26. Nh4 g6 27. Nf3 Bf7 28. h4 Be6 29. h5 Kg7 30. hxg6 hxg6 31. Bh3 Bxh3 32. Kxh3 Qc8+ 33. Kg2 Qe6 34. Rd1 Rd8 35. Rh1 Kf7 36. Nc1 Ke8 37. Nd3 Qb3 38. Rh8 Qxd3 39. Qh6 Qxe4 0-1


[Site "https://www.chess.com"]

[Event "Titled Tuesday Blitz December 27 Late 2022"]
[White "Joubert, Dantelle"]
[Black "Paspuel, Trosky"]
[WhiteFideId "14310813"]
[BlackFideId "3602150"]
[WhiteElo "1566"]
[BlackElo "1721"]
[Result "0-1"]
[Round "02"]
[TimeControl "180+2"]
[Date "2022.12.27"]
[WhiteClock "0:00:02"]
[BlackClock "0:00:34"]

1. d4 Nf6 2. c4 e6 3. Nf3 d5 4. Nc3 Bb4 5. Bg5 h6 6. Bxf6 Qxf6 7. cxd5 exd5 8. Qb3 Qb6 9. a3 Bxc3+ 10. Qxc3 O-O 11. Rc1 c6 12. e3 Bf5 13. Ne5 Re8 14. Be2 f6 15. Nf3 Nd7 16. O-O Nf8 17. Rfd1 Be4 18. Nd2 a5 19. Nb3 Re7 20. Nc5 Rae8 21. Bh5 Bg6 22. Bf3 Ne6 23. Qb3 Qc7 24. Na4 Qd6 25. Qb6 Ng5 26. Be2 Ne4 27. Rf1 f5 28. b4 axb4 29. axb4 f4 30. exf4 Qxf4 31. Bf3 Nd2 32. Bxd5+ cxd5 0-1


[Site "https://www.chess.com"]

[Event "Titled Tuesday Blitz December 27 Late 2022"]
[White "Kaasen, Tor Fredrik"]
[Black "Albertini, Luca"]
[WhiteFideId "1516647"]
[BlackFideId "847038"]
[WhiteElo "2480"]
[BlackElo "2084"]
[Result "1-0"]
[Round "02"]
[TimeControl "180+2"]
[Date "2022.12.27"]
[WhiteClock "0:00:10"]
[BlackClock "0:00:03"]

1. d4 Nf6 2. c4 g6 3. g3 Bg7 4. Bg2 d6 5. Nc3 O-O 6. Nf3 Nc6 7. O-O e5 8. d5 Ne7 9. Nd2 Ne8 10. b4 f5 11. c5 a5 12. bxa5 e4 13. Qb3 Rxa5 14. Nc4 Rxc5 15. Be3 Bxc3 16. Qxc3 Nxd5 17. Qb3 Nxe3 18. Nxd6+ Kg7 19. Nxe8+ Rxe8 20. Qxe3 b6 21. Rfd1 Qe7 22. h4 Be6 23. h5 Rd8 24. h6+ Kf7 25. Rdc1 Rdd5 26. f3 exf3 27. exf3 Re5 28. Qf2 Bc4 29. Qd4 b5 30. f4 Re2 31. Re1 Rxe1+ 32. Rxe1 Qxe1+ 33. Kh2 Qe7 34. Qg7+ Ke8 35. Qh8+ Kd7 36. Qd4+ Kc8 37. Qh8+ Kd7 38. Qd4+ Bd5 39. Bxd5 Rxd5 40. Qxd5+ Qd6 41. Qxb5+ Ke7 42. Qb2 Qf6 43. Qc2 Qd6 44. Qe2+ Kd7 45. Kh3 c5 46. Qc4 Qd4 47. Qf7+ Kc6 48. Qxh7 Qg1 49. Qxg6+ Kb5 50. Qxf5 Qh1+ 51. Kg4 Qxh6 52. Qb1+ Kc6 53. f5 Qg7+ 54. Kf3 Qc3+ 55. Kf4 Qd2+ 56. Kg4 Qe2+ 57. Kg5 Qe3+ 58. Kf6 Qxg3 59. Qe4+ Kb5 60. Qb7+ Kc4 61. Qe4+ Kb5 62. Ke6 Qg8+ 63. Ke5 Qxa2 64. f6 Qb2+ 65. Ke6 c4 66. f7 c3 67. f8=Q Qb3+ 68. Qd5+ Qxd5+ 69. Kxd5 Ka4 70. Qc5 Kb3 71. Kd4 c2 72. Kd3 1-0


[Site "https://www.chess.com"]

[Event "Titled Tuesday Blitz December 27 Late 2022"]
[White "Kaganskiy, Gleb"]
[Black "Gahan, M G"]
[WhiteFideId "4132025"]
[BlackFideId "5027373"]
[WhiteElo "2205"]
[BlackElo "2247"]
[Result "0-1"]
[Round "02"]
[TimeControl "180+2"]
[Date "2022.12.27"]
[WhiteClock "0:00:53"]
[BlackClock "0:02:19"]

1. e4 c5 2. Nf3 d6 3. Bb5+ Bd7 4. Bxd7+ Qxd7 5. c4 Nf6 6. Nc3 Nc6 7. d4 Qg4 8. O-O cxd4 9. Nxd4 Qxd1 10. Rxd1 e6 11. Ndb5 O-O-O 12. Bf4 Ne8 13. Rac1 a6 14. Nd4 Nxd4 15. Rxd4 e5 16. Rd2 exf4 17. Nd5 Nf6 18. f3 Nxd5 19. cxd5+ Kb8 20. Rdc2 Be7 21. Rc7 Rc8 22. Rxc8+ Rxc8 23. Rxc8+ Kxc8 24. Kf2 Bf6 25. b3 Bd4+ 26. Ke2 b5 27. Kd3 Be5 28. a4 Kb7 29. axb5 axb5 30. h3 Kb6 31. b4 g6 32. Kc2 Bd4 33. Kb3 Bf2 34. Kc2 Be1 35. Kb3 Kc7 36. Ka3 Kd7 37. Kb3 Ke7 38. Ka3 Kf6 39. Kb3 Ke5 40. Kc2 Bxb4 41. Kd1 Bc5 0-1


[Site "https://www.chess.com"]

[Event "Titled Tuesday Blitz December 27 Late 2022"]
[White "Kamsky, Gata"]
[Black "Feng, Eric"]
[WhiteFideId "2000024"]
[BlackFideId "30952590"]
[WhiteElo "2665"]
[BlackElo "1951"]
[Result "1-0"]
[Round "02"]
[TimeControl "180+2"]
[Date "2022.12.27"]
[WhiteClock "0:00:24"]
[BlackClock "0:00:08"]

1. d4 Nf6 2. Bf4 e6 3. e3 d5 4. Nf3 Bd6 5. Ne5 c5 6. c3 Nc6 7. Nd2 Qc7 8. Ndf3 O-O 9. Bd3 h6 10. Nxc6 bxc6 11. Bxd6 Qxd6 12. Qa4 cxd4 13. cxd4 Rb8 14. b3 c5 15. Qa3 Bd7 16. O-O Ne4 17. Bxe4 dxe4 18. Ne5 Rfc8 19. Rfc1 Rb5 20. Qxa7 Be8 21. Nc4 Qc6 22. Ne5 Qd6 23. h3 f6 24. Nc4 Qc6 25. dxc5 Rxc5 26. Rd1 Rd5 27. Nb6 Rxd1+ 28. Rxd1 Rc7 29. Qa5 Bg6 30. Nc4 Kh7 31. Rd6 Qb7 32. Rxe6 Rd7 33. Rd6 Rxd6 34. Nxd6 Qc6 35. Qd2 h5 36. b4 Qa6 37. b5 Qb6 38. a4 Qc5 39. a5 Qe5 40. Qd4 Qe7 41. b6 Qd7 42. b7 Qc7 43. a6 Qc1+ 44. Kh2 Qc7 45. a7 h4 46. b8=Q Qc1 47. a8=Q Kh6 48. Qh8+ Kg5 49. Qxg7 f5 50. Qdf6+ Kh5 51. Qah8+ Bh7 52. Qhxh7# 1-0


[Site "https://www.chess.com"]

[Event "Titled Tuesday Blitz December 27 Late 2022"]
[White "Karacsonyi, Gellert"]
[Black "Pham, Khoi"]
[WhiteFideId "764620"]
[BlackFideId "1054988"]
[WhiteElo "2385"]
[BlackElo "2355"]
[Result "1-0"]
[Round "02"]
[TimeControl "180+2"]
[Date "2022.12.27"]
[WhiteClock "0:02:42"]
[BlackClock "0:01:22"]

1. e4 e6 2. Nf3 d5 3. exd5 exd5 4. d4 Bd6 5. Bd3 Nf6 6. O-O O-O 7. h3 Nc6 8. Bg5 h6 9. Bh4 Re8 10. c3 Ne7 11. Qb3 c6 12. Bxf6 gxf6 13. Nbd2 Ng6 14. Rae1 Nf4 15. Bb1 f5 16. Rxe8+ Qxe8 17. Re1 Qf8 18. Nf1 b6 19. Ng3 Qg7 20. Re8+ Kh7 21. Rxc8 Rxc8 22. Bxf5+ Kh8 23. Bxc8 1-0


[Site "https://www.chess.com"]

[Event "Titled Tuesday Blitz December 27 Late 2022"]
[White "Karas, Marek"]
[Black "Avila Pavas, Santiago"]
[WhiteFideId "14928558"]
[BlackFideId "4437128"]
[WhiteElo "2227"]
[BlackElo "2522"]
[Result "0-1"]
[Round "02"]
[TimeControl "180+2"]
[Date "2022.12.27"]
[WhiteClock "0:00:04"]
[BlackClock "0:00:10"]

1. d4 Nf6 2. Nf3 e6 3. c4 d5 4. Nc3 dxc4 5. e4 b5 6. e5 Nd5 7. Nxb5 Nc6 8. Bxc4 Nb6 9. Be2 Be7 10. O-O O-O 11. Be3 Bb7 12. a3 a6 13. Nc3 Na5 14. Nd2 Nc6 15. Bf3 Rb8 16. Nb3 Nc4 17. Qe2 Nxe3 18. fxe3 Ba8 19. Qc2 Qc8 20. Be4 h6 21. Nd2 a5 22. Rab1 Qa6 23. Bd3 Qa7 24. Nf3 Rfd8 25. Qf2 a4 26. Nd2 Rf8 27. Nde4 f5 28. exf6 Bxf6 29. Nxf6+ Rxf6 30. Qg3 Rxf1+ 31. Bxf1 Na5 32. h3 Nb3 33. Bc4 Nd2 34. Bxe6+ Kh8 35. Rd1 Rxb2 36. Qf4 Qb8 37. Ne4 Nxe4 38. d5 Nf6 39. e4 Qb6+ 40. Kh2 Rf2 41. Qg3 Qd6 42. e5 Qb6 43. exf6 Rxf6 44. Rd3 Qb2 45. Re3 c5 46. Qe5 Qf2 47. Bg4 Bxd5 48. Qe8+ Bg8 49. Rg3 Rf8 50. Qe5 Qd4 51. Qxd4 cxd4 52. Rd3 Rd8 53. Bd1 Bc4 54. Rd2 Bb3 55. Be2 Kg8 56. Bd3 Kf7 57. Kg3 Ke6 58. Re2+ Kd5 59. Rf2 Re8 60. Rf5+ Re5 61. Rxe5+ Kxe5 62. Kf2 Bd5 63. g3 Be4 64. Bb5 Bc2 65. Ke1 Ke4 66. Kd2 Bb3 67. Bc6+ Ke5 68. Bf3 Bc4 69. Bd1 Bb5 70. Bf3 g6 71. Bg2 Kd6 72. h4 Kc5 73. Be4 g5 74. hxg5 hxg5 75. Bc2 Bc6 76. Bd1 Kc4 77. Bc2 Bd7 78. Bd1 d3 79. Bh5 Bb5 80. Bf7+ Kd4 81. Bg8 Ke4 82. Bh7+ Kf3 83. Bg8 Kxg3 84. Ke3 g4 85. Bd5 Kh2 86. Be4 g3 87. Bf3 g2 88. Bxg2 Kxg2 89. Kd2 Kf2 90. Kc3 Ke2 91. Kb2 d2 92. Kc3 d1=Q 93. Kb2 Qb3+ 94. Kc1 Qxa3+ 95. Kc2 Bd3# 0-1


[Site "https://www.chess.com"]

[Event "Titled Tuesday Blitz December 27 Late 2022"]
[White "Kavutskiy, Konstantin"]
[Black "Lenderman, Aleksandr"]
[WhiteFideId "2026384"]
[BlackFideId "2021285"]
[WhiteElo "2414"]
[BlackElo "2572"]
[Result "1/2-1/2"]
[Round "02"]
[TimeControl "180+2"]
[Date "2022.12.27"]
[WhiteClock "0:00:07"]
[BlackClock "0:00:07"]

1. d4 e6 2. Nf3 c5 3. e4 cxd4 4. Nxd4 Nf6 5. Nc3 Nc6 6. Ndb5 Bc5 7. Bf4 O-O 8. Bc7 Qe7 9. Bd6 Bxd6 10. Qxd6 Ne8 11. Qxe7 Nxe7 12. O-O-O b6 13. f3 f5 14. exf5 Nxf5 15. Bd3 a6 16. Bxf5 axb5 17. Be4 Ra7 18. Nxb5 Rxa2 19. Kb1 Ra5 20. Nd6 Nxd6 21. Rxd6 Rg5 22. g3 b5 23. Rhd1 g6 24. b4 Kf7 25. Kb2 Ke7 26. Rb6 Re5 27. Rbd6 g5 28. Bb7 Re2 29. Bxc8 Rxc8 30. Rxd7+ Kf6 31. R1d2 Rxd2 32. Rxd2 h5 33. Kb3 e5 34. Rd5 g4 35. f4 exf4 36. gxf4 Rh8 37. Rxb5 h4 38. Ra5 g3 39. hxg3 h3 40. Ra1 Kf5 41. c4 Kg4 42. c5 Kxg3 43. f5 Rf8 44. Kc4 Rxf5 45. c6 Kg2 46. c7 Rf8 47. b5 h2 48. b6 Rf1 49. Rxf1 Kxf1 50. c8=Q h1=Q 51. Qf5+ Ke2 52. Qd3+ Kf2 53. Qd4+ Ke2 54. Qe5+ Kf2 55. Qf4+ Ke2 56. Qg4+ Kf2 57. Qf5+ Ke2 58. Qe6+ Kf2 59. Qf7+ Ke2 60. b7 Qc6+ 61. Kd4 Qb6+ 62. Ke5 Qb2+ 63. Ke6 Qb6+ 64. Kf5 Qf2+ 65. Kg6 Qb6+ 66. Kg7 Qb2+ 67. Kf8 Qh8+ 68. Ke7 Qh4+ 69. Kd7 Qd4+ 70. Kc8 Qc5+ 71. Kd8 Qd6+ 72. Ke8 Qb8+ 73. Ke7 Qxb7+ 74. Kf8 Qxf7+ 75. Kxf7 1/2-1/2


[Site "https://www.chess.com"]

[Event "Titled Tuesday Blitz December 27 Late 2022"]
[White "Kho, Darrell"]
[Black "Rustemov, Alexander"]
[WhiteFideId "1019317"]
[BlackFideId "4119002"]
[WhiteElo "2075"]
[BlackElo "2525"]
[Result "0-1"]
[Round "02"]
[TimeControl "180+2"]
[Date "2022.12.27"]
[WhiteClock "0:00:01"]
[BlackClock "0:00:06"]

1. e4 e6 2. Nc3 c5 3. Nf3 Nc6 4. d4 cxd4 5. Nxd4 Qc7 6. Be3 a6 7. a4 Nf6 8. Bd3 Be7 9. O-O O-O 10. Nb3 d6 11. Kh1 b6 12. f4 Bb7 13. Qf3 Nb4 14. Bd4 e5 15. Be3 d5 16. fxe5 Qxe5 17. Bd4 Qe6 18. e5 Ne4 19. Nxe4 Nxd3 20. Nf6+ gxf6 21. exf6 Bd6 22. cxd3 Kh8 23. Rae1 Qd7 24. Qh5 Qxa4 25. Re3 Bc8 26. Be5 Qxb3 27. Bxd6 Rg8 28. Rg3 Be6 29. Rg7 Rxg7 30. fxg7+ Kg8 31. Bf8 Qxd3 32. Qf3 Qxf3 33. Rxf3 a5 34. Rb3 Rb8 35. Bc5 a4 36. Rxb6 Rc8 0-1


[Site "https://www.chess.com"]

[Event "Titled Tuesday Blitz December 27 Late 2022"]
[White "Kleiman, Jake"]
[Black "Bortnyk, Olexandr"]
[WhiteFideId "2020041"]
[BlackFideId "14120828"]
[WhiteElo "2399"]
[BlackElo "2605"]
[Result "0-1"]
[Round "02"]
[TimeControl "180+2"]
[Date "2022.12.27"]
[WhiteClock "0:00:09"]
[BlackClock "0:00:23"]

1. e4 Nf6 2. e5 Nd5 3. d4 d6 4. Nf3 dxe5 5. Nxe5 c6 6. Be2 Bf5 7. Bg4 Bxg4 8. Qxg4 Nd7 9. Nxd7 Qxd7 10. Qxd7+ Kxd7 11. c4 Nb4 12. Kd2 Rd8 13. Kc3 e5 14. Rd1 Kc8 15. Be3 exd4+ 16. Rxd4 Be7 17. a3 Na6 18. Rxd8+ Rxd8 19. Nd2 Nc5 20. Rd1 Bf6+ 21. Kc2 Na4 22. b3 Nc3 23. Re1 b6 24. Bf4 b5 25. Re3 b4 26. a4 Bd4 27. Re7 Rd7 28. Rxd7 Kxd7 29. f3 Bg1 30. Kd3 f6 31. h3 a5 32. Bg3 Nd1 33. Ke2 Ne3 34. Kd3 Nxg2 35. Ne4 Bb6 36. c5 Bc7 37. Bxc7 Kxc7 38. Nd6 Nf4+ 39. Ke4 Ne6 40. Kf5 Nd4+ 41. Ke4 Nxb3 42. Ne8+ Kd7 43. Nxg7 Nxc5+ 44. Kf5 b3 45. Nh5 b2 46. Nxf6+ 0-1


[Site "https://www.chess.com"]

[Event "Titled Tuesday Blitz December 27 Late 2022"]
[White "Kleinman, Michael"]
[Black "Vifleemskaia, Svetlana"]
[WhiteFideId "2609479"]
[BlackFideId "4129490"]
[WhiteElo "2387"]
[BlackElo "1971"]
[Result "1-0"]
[Round "02"]
[TimeControl "180+2"]
[Date "2022.12.27"]
[WhiteClock "0:00:12"]
[BlackClock "0:00:03"]

1. e4 e5 2. Nf3 Nc6 3. Bb5 a6 4. Ba4 Nf6 5. O-O Be7 6. Re1 b5 7. Bb3 d6 8. c3 O-O 9. h3 Nd7 10. d4 Bf6 11. Be3 Na5 12. Bc2 Nc4 13. Bc1 c5 14. b3 Ncb6 15. Bb2 b4 16. dxc5 dxc5 17. cxb4 cxb4 18. Nbd2 Bb7 19. Rc1 Qe7 20. Nf1 Rfd8 21. Ng3 g6 22. Qe2 a5 23. Bb1 a4 24. Qe3 Rac8 25. Bd3 Nc5 26. Bb5 axb3 27. axb3 Nbd7 28. Rc4 Ba6 29. Rxb4 Rb8 30. Bxa6 Rxb4 31. Bc4 Rbb8 32. Ne2 Nb6 33. Bb5 Nbd7 34. Bc4 Nb6 35. Bb5 Nbd7 36. Nc3 Qd6 37. Rd1 Qb6 38. Bc4 Bg7 39. Nd5 Qb7 40. b4 Na4 41. Ba1 Ndb6 42. Nxe5 Nxc4 43. Nxc4 Bxa1 44. Rxa1 Ra8 45. Qh6 f5 46. Nf6+ Kh8 47. Ne5 Qg7 48. Qg5 h6 49. Nxg6+ Qxg6 50. Qxg6 1-0


[Site "https://www.chess.com"]